 Dungeon Crawl Stone Soup version 0.30-a0-266-g2b27a225a3 (webtiles) character file.

Game seed: 4783908885132011772

252 MrRokkomies the Sneak (level 5, 0/49 HPs)
             Began as an Armataur Delver on Oct 14, 2022.
             Was a Follower of Cheibriados.
             Slain by an iguana (7 damage)
             ... on level 4 of the Dungeon.
             The game lasted 00:05:28 (2421 turns).

MrRokkomies the Sneak (Armataur Delver)             Turns: 2421, Time: 00:05:29

Health: 0/49       AC:  8    Str: 24    XL:     5   Next: 89%
Magic:  5/6        EV: 13    Int: 12    God:    Cheibriados [*.....]
Gold:   152        SH:  0    Dex: 20    Spells: 4/4 levels left

rFire   . . .      SeeInvis .    i - +0 quarterstaff (venom)
rCold   + . .      Faith    .    (shield currently unavailable)
rNeg    . . .      Spirit   .    d - +1 ring mail of Liorchek {Fly rC+ Str+4 Dex+5}
rPois   +          Reflect  .    (no helmet)
rElec   .          Harm     .    (no cloak)
rCorr   .          Roll     +    r - +0 pair of gloves
Will    .....                    (no barding)
Stlth   +.........               (no amulet)
HPRegen 0.28/turn                j - +4 ring of evasion
MPRegen 0.10/turn                v - ring of poison resistance

@: lit by a corona, flying, glowing, very slow
A: large, rugged brown scales 3, deformed body, armoured tail, roll, long
tongue, awkward tongue
a: Renounce Religion, Bend Time


You were on level 4 of the Dungeon.
You worshipped Cheibriados.
Cheibriados was aware of your devotion.
You visited 1 branch of the dungeon, and saw 5 of its levels.

You collected 152 gold pieces.

Inventory:

Hand Weapons
 a - a +0 mace
 i - a +0 quarterstaff of venom (weapon)
Missiles
 h - 3 poisoned darts (quivered)
Armour
 d - the +1 ring mail of Liorchek (worn) {Fly rC+ Str+4 Dex+5}
   (You found it on level 3 of the Dungeon)

   Str:       It affects your strength (+4).
   Dex:       It affects your dexterity (+5).
   rC:        It protects you from cold.
   Fly:       It grants you flight.
 r - a +0 pair of gloves (worn)
Jewellery
 j - a +4 ring of evasion (left hand)
 k - a +6 ring of dexterity
 p - an amulet of magic regeneration
 v - a ring of poison resistance (right hand)
Wands
 g - a wand of digging (3)
 t - a wand of flame (20)
Scrolls
 b - a scroll of amnesia {unknown}
 c - a scroll of fog
 q - 2 scrolls of teleportation
Potions
 e - a potion of might
 l - a potion of brilliance {unknown}
 m - 2 potions of curing
 n - a potion of attraction {unknown}
 o - 2 potions of degeneration {unknown}
 s - a potion of invisibility {unknown}
 z - a potion of berserk rage {unknown}


   Skills:
 * Level 4.1 Fighting
 - Level 1.7 Maces & Flails
 * Level 4.1 Armour
 - Level 1.3 Dodging
 + Level 6.3 Stealth
 + Level 1.4 Invocations


You had 4 spell levels left.
You didn't know any spells.
Your spell library was empty.

Dungeon Overview and Level Annotations

Branches:
Dungeon (5/15)
 Temple: D:4-7

Altars:
Cheibriados
Fedhas
Gozag
Ru

Annotations:
D:4 Dowan


Innate Abilities, Weirdness & Mutations

You are completely covered in rugged brown scales. (AC +3, +7% HP)
Armour fits poorly on your strangely shaped body.
You have a long armoured tail.
You roll when moving toward enemies. (Rampage)
Your long tongue fully drains potion bottles. (2x potion effects)
Your tongue gives you trouble enunciating. (1.5x scroll delay)


Message History

Dowan is lightly wounded.
The phantom hits you but does no damage.
Dowan barely misses you. Duvessa completely misses you.
You hit Dowan.
Dowan is poisoned.
Dowan is lightly wounded.
You kill Duvessa!
Cheibriados appreciates the change of pace.
Dowan screams, "No!
No!"
Dowan seems to find hidden reserves of power!
Dowan gestures at you while chanting. The stone arrow hits you!
The phantom barely misses you. The iguana bites you.
Dowan hits you with a +0 dagger.
Your Fighting skill increases to level 4!
Your Armour skill increases to level 4!
Your Invocations skill increases to level 1!
You hit Dowan but do no damage.
Dowan looks even sicker.
Dowan is lightly wounded.
Dowan hits you with a +0 dagger. The phantom hits you.
The endoplasm closely misses you. The iguana closely misses you.
Dowan barely misses you.
You closely miss Dowan.
Dowan is moderately wounded.
The phantom hits you.
The phantom blinks!
You blink.
A ball python and a kobold come into view.
Dowan casts a spell.
Dowan blinks!
The phantom hits you.
The kobold shouts!
Dowan mumbles some strange words.
Dowan blinks!
You closely miss the phantom. The phantom hits you.
The kobold throws a stone.
The stone hits you but does no damage.
You hit the phantom. You tail-slap the phantom!
The phantom is heavily damaged.
The phantom hits you.
* * * LOW HITPOINT WARNING * * *
The iguana bites you.
* * * LOW HITPOINT WARNING * * *
The phantom hits you but does no damage.
The iguana bites you!
You die...

#....,#*,,S,,.......$..#* #....
#..#.***,##..,#....#....* ##...
***,**,***...,#........######...
**,,,,,**,,#.##.........#..#....
**,******,,,*#..e................
*,,,,,,,,,,**#..........##......#
*****,,,,,**,#..........#####....
*****##..#...l......#* #.....
#......@WJ...)..#*#.....
###.##.##.#......###.###
*,,,#.*####.....# ###
*,,,..,,*,..#..##
*,,K..,,,...##.# *,...#*,.#..**##
*##.#****###* ##*


You could see a phantom, Dowan (fast, strong, very poisoned), an iguana, an
endoplasm and a kobold.

Vanquished Creatures
  Duvessa (D:4)
  An orc wizard (D:4)
  5 adders
  An ufetubus (D:3)
  A worm (D:3)
  A dart slug (D:1)
  5 orcs (D:4)
  9 ball pythons
  6 endoplasms
  3 giant cockroaches
  3 goblins (D:1)
  2 hobgoblins
  6 jackals
  A quokka (D:4)
  6 bats
  4 frilled lizards
  6 kobolds
  A rat (D:1)
62 creatures vanquished.

Notes
Turn   | Place    | Note
-------+----------+-------------------------------------------
     0 | D:5      | MrRokkomies the Armataur Delver began the quest for the
                  | Orb.
     0 | D:5      | Reached XP level 1. HP: 19/19 MP: 1/1
    34 | D:4      | Noticed an iguana
    61 | D:4      | Reached skill level 1 in Armour
    61 | D:4      | Reached XP level 2. HP: 12/26 MP: 2/2
   158 | D:4      | Noticed a phantom
   195 | D:5      | Noticed a yak
   350 | D:3      | Reached XP level 3. HP: 26/33 MP: 3/3
   419 | D:3      | Identified the +1 ring mail of Liorchek {Fly rC+ Str+4
                  | Dex+5}
   425 | D:3      | Found an opulent altar of Gozag.
  1015 | D:1      | Reached XP level 4. HP: 39/40 MP: 4/4
  1626 | D:2      | Found a faded altar of an unknown god.
  1878 | D:3      | Found a sacrificial altar of Ru.
  1878 | D:3      | Found a blossoming altar of Fedhas.
  1939 | D:3      | Found a snail-covered altar of Cheibriados.
  1942 | D:3      | Reached skill level 6 in Stealth
  1949 | D:3      | Became a worshipper of Cheibriados the Contemplative
  2260 | D:4      | Reached XP level 5. HP: 11/49 MP: 5/5
  2319 | D:4      | Reached * piety under Cheibriados
  2408 | D:4      | Noticed Duvessa
  2409 | D:4      | Noticed Dowan
  2416 | D:4      | Killed Duvessa
  2417 | D:4      | Reached skill level 1 in Invocations
  2421 | D:4      | Slain by an iguana

Illustrated notes

Levels and vault maps discovered:
D:1:      grunt_arrival_crossed_arrows, layout_rooms, minmay_circled_x
D:2:      layout_basic, hellmonk_ecumenical_altar_pennies_from_heaven
D:3:      layout_basic, grunt_gozag_statues, gammafunk_temple_overflow_elements,
          lemuel_crystal_altar
D:4:      layout_cave_pools, minmay_cut_off, uniq_duvessa
D:5:      layout_layer_cave, lemuel_coloured_pillars_altar, serial_shops, shop,
          kennysheep_generic_room_11, uniq_pikel

Skill      XL: |  1  2  3  4  5 |
---------------+----------------+-----
Armour         | 1 2 3 4 |  4.1
Fighting       | 3 4 |  4.1
Stealth        | 6 |  6.3
Invocations    | 1 |  1.4
Maces & Flails | |  1.7
Dodging        | |  1.3

Action                   |  1- 3 |  4- 6 || total
-------------------------+-------+-------++-------
Melee: Mace              |    90 |    30 ||   120
       Tailslap          |     7 |     6 ||    13
       Quarterstaff      |       |    38 ||    38
  Use: Scroll            |     2 |     6 ||     8
       Potion            |       |     1 ||     1
 Stab: Sleeping          |     9 |     6 ||    15
Armor: Leather armour    |    17 |       ||    17
       Ring mail         |    41 |    40 ||    81
Dodge: Dodged            |   106 |    67 ||   173

Table legend: (Time is in decaauts)
 A = Elapsed time spent in this place.
 B = Non-inter-level travel time spent in this place.
 C = Inter-level travel time spent in this place.
 D = Time resting spent in this place.
 E = Time spent auto-exploring this place.
 F = Levels seen in this place.
 G = Mean time per level.
                   A        B        C        D        E       F      G
               +--------+--------+--------+--------+--------+-----+--------+
         Total |   2565 |   2516 |     49 |    265 |   1655 |   5 |  513.0 |
       Dungeon |   2565 |   2516 |     49 |    265 |   1655 |   5 |  513.0 |
               +--------+--------+--------+--------+--------+-----+--------+

Top non-repeatable levels by time:
     D:2: 765 daAuts
     D:3: 762 daAuts
     D:1: 561 daAuts
     D:4: 428 daAuts
     D:5: 47 daAuts
